 Dungeon Crawl Stone Soup version 0.19.0-20-gbc5f0c6 (webtiles) character file.

33054 ImaNewbie the Impaler (level 13, -2/108 HPs)
             Began as a Merfolk Berserker on Nov 17, 2016.
             Was an Elder of Trog.
             Slain by a chaos spawn (13 damage)
             ... summoned by an orc high priest
             ... on level 2 of the Orcish Mines on Nov 18, 2016.
             The game lasted 01:12:26 (14550 turns).

ImaNewbie the Impaler (Merfolk Berserker)          Turns: 14550, Time: 01:12:27

Health: -2/108     AC:  0    Str: 20    XL:     13   Next: 68%
Magic:  29/29      EV: 19    Int:  7    God:    Trog [****..]
Gold:   845        SH:  3    Dex: 19    Spells: 0 memorised, 12 levels left

rFire  . . .     SeeInvis +     a - +2 bardiche (flame)
rCold  . . .     Gourm    .     J - +0 ring mail {rPois}
rNeg   . . .     Faith    .     (shield currently unavailable)
rPois  +         Spirit   .     M - +0 helmet {SInv}
rElec  .         Reflect  +     v - +0 cloak
rCorr  .         Harm     .     L - +0 pair of gloves "Omewnuq" {MP+9}
MR     .....                    (no boots)
Stlth  +.........               y - +3 amulet of reflection
                                B - +1 ring of evasion
                                p - +4 ring of dexterity

@: exhausted, corroded
A: change form in water, swift swim, stealthy swim
a: Berserk, Trog's Hand, Brothers in Arms, Burn Spellbooks, Renounce Religion


You were on level 2 of the Orcish Mines.
You worshipped Trog.
Trog was greatly pleased with you.
You were hungry.

You visited 2 branches of the dungeon, and saw 13 of its levels.
You visited the Abyss 1 time.
You also visited: Ossuary and Volcano.

You collected 1397 gold pieces.
You spent 552 gold pieces at shops.

Inventory:

Hand Weapons
 a - a +2 bardiche of flaming (weapon)
 A - a +1 spear of freezing
 O - the +5 bardiche of Ixadd {drain, rC+}
   (You acquired it on level 10 of the Dungeon)

   A truly terrible weapon, it drains the life of those it strikes.
   It protects you from cold.
Missiles
 q - 2 needles of paralysis
 w - 52 poisoned needles
Armour
 l - the +0 leather armour of the Hidden Vale {+Fly rF- Str+8}
   (You found it on level 4 of the Dungeon)

   It affects your strength (+8).
   It makes you vulnerable to fire.
   It lets you fly.
 o - a +0 plate armour
 v - a +0 cloak (worn)
 J - a +0 ring mail of poison resistance (worn)
 L - the +0 pair of gloves "Omewnuq" (worn) {MP+9}
   (You bought it in a shop on level 8 of the Dungeon)

   It affects your magic capacity (+9).
 M - a +0 helmet of see invisible (worn)
 R - a +1 ring mail of magic resistance
 W - the +5 scale mail of the Locust {MP-9 Int+7}
   (You bought it in a shop on level 8 of the Dungeon)

   It affects your intelligence (+7).
   It affects your magic capacity (-9).
Rods
 x - a +2 lightning rod (15/15)
   (You found it on level 3 of the Dungeon)
Jewellery
 h - an uncursed ring of resist corrosion
 p - a +4 ring of dexterity (left hand)
 y - a +3 amulet of reflection (around neck)
 B - a +1 ring of evasion (right hand)
 E - an uncursed amulet of regeneration
Wands
 r - a wand of disintegration (2/24)
 t - a wand of digging (13/24)
 z - a wand of paralysis (9/24)
 H - a wand of acid (11/15)
 K - a wand of enslavement (9/24)
 P - a wand of iceblast (6/15)
Scrolls
 b - a scroll of remove curse
 e - 4 scrolls of teleportation
 i - a scroll of recharging
 m - a scroll of identify
 n - a scroll of immolation
 F - a scroll of enchant weapon
 U - a scroll of blinking
 V - a scroll of fog
Potions
 f - 3 potions of curing
 j - 2 potions of haste
 s - a potion of heal wounds
 u - 3 potions of invisibility
 C - 3 potions of agility
 D - a potion of resistance
 G - a potion of lignification
 N - 4 potions of might
 S - a potion of berserk rage
Comestibles
 c - 13 bread rations
 d - 5 meat rations
 g - 3 royal jellies
 k - 9 fruits
 I - 7 slices of pizza
 Q - 12 chunks of flesh


   Skills:
 - Level 12.0 Fighting
 + Level 20.1 Polearms
 - Level 1.3 Armour
 - Level 9.0 Dodging
 - Level 10.2 Evocations


You had 12 spell levels left.
You didn't know any spells.

Dungeon Overview and Level Annotations

Branches:
Dungeon (11/15)            Temple (0/1) D:4            Lair (0/6) D:11
    Orc (2/2) D:11
    Elf: Orc:2

Altars:
Ashenzari
Cheibriados
Dithmenos
Elyvilon
Fedhas
Gozag
Nemelex Xobeh
Trog
Vehumet
Xom
The Shining One

Shops:
D:8 =?[

Portals:
Trove: D:11 (show abyssal rune of Zot)

Annotations:
D:6 exclusion: downstairs
D:9 exclusion: downstairs
D:11 exclusion: 2 oklob plants


Message History

The orc high priest hits you with a long sword.
The orc warrior hits you but does no damage.
The rust devil hits you! The rust devil corrodes you!
The chaos spawn gores you!! The chaos spawn freezes you!
* * * LOW HITPOINT WARNING * * *
The orc sorcerer gestures at you while chanting.
The bolt of fire misses you.
An orc comes into view. It is wielding a flail.
The orc shouts!
You hear a shout! x2
Your two-headed ogre goes berserk!
You feel quite a bit more hungry. The sixfirhy barely misses you.
The sixfirhy hits you.
* * * LOW HITPOINT WARNING * * *
The sixfirhy shocks you!
* * * LOW HITPOINT WARNING * * *
The orc warrior hits you with a hand axe!
* * * LOW HITPOINT WARNING * * *
The orc high priest completely misses you.
The chaos spawn gores you!
You die... oo ## o.o

####.#o..#
###.4.o.o..#
##4o3..o.....
##..@.o†.#.#..
###.O..o....#
##.#............
#.))[...#.......#
##)<)....#.......
#.))...#####....
#........## #...
#..#.....# ..
###.......#


You could see an orc high priest, a rust devil, a sixfirhy, a chaos spawn, an
orc sorcerer, 3 orc warriors, an orc wizard, 2 orcs and a friendly two-headed
ogre (berserk).

Vanquished Creatures
  A very ugly thing (Abyss:1)
  Erolcha (D:9)
  A hydra (D:11)
  The ghost of Orcmeat the Thaumaturge, a journeyman SpWz of Vehumet (Volcano)
  Erica (D:9)
  An orc high priest (Orc:2)
  The ghost of gitgud34 the Carver, a novice MiFi (D:6)
  2 skeletal warriors (Volcano)
  A hill giant (D:11)
  2 anaconda skeletons (Volcano)
  A deep elf mage (D:11)
  Maurice (D:11)
  2 centaur zombies
  Psyche (D:9)
  4 gargoyles (Volcano)
  A komodo dragon (D:11)
  An ancient zyme (Abyss:1)
  3 trolls
  2 harpy skeletons (Volcano)
  4 hippogriffs
  2 flying skulls (Volcano)
  A vampire (D:9)
  Eustachio (D:5)
  4 hogs (D:7)
  5 yaks (D:10)
  A human (D:7)
  3 chaos spawn (D:9)
  A hungry ghost (D:8)
  A steam dragon (D:9)
  2 wargs
  A water moccasin (D:7)
  8 orc warriors
  3 ice beasts
  An eye of draining (D:11)
  2 necrophages
  3 phantoms
  2 sky beasts
  5 centaurs
  7 ogres
  6 bullfrogs
  A wyvern skeleton (D:9)
  3 scorpions
  2 spriggan skeletons (Volcano)
  3 wights (D:9)
  2 troll skeletons (Volcano)
  3 howler monkeys (D:11)
  A bullfrog zombie (D:5)
  8 crimson imps
  7 hounds
  3 jellies
  2 quasits (D:11)
  12 orc priests
  10 orc wizards
  Jessica (D:2)
  An iguana (D:6)
  7 worker ants
  A killer bee zombie (D:8)
  A big kobold zombie (Ossuary)
  3 naga skeletons (Volcano)
  2 hound zombies (Ossuary)
  A hound skeleton (D:4)
  4 mummies (Ossuary)
  A howler monkey skeleton (D:11)
  2 worker ant zombies
  4 gnolls (D:5)
  13 adders
  2 shadow imps
  4 worms
  5 leopard geckos
  52 orcs
  7 bats
  3 giant cockroaches
  12 goblins
  7 hobgoblins
  10 jackals
  2 quokkas
  A ball python (D:3)
  8 frilled lizards
  2 gnoll zombies (Ossuary)
  A goblin skeleton (D:4)
  2 goblin zombies
  4 hobgoblin zombies
  2 jackal zombies
  7 kobolds
  A kobold zombie (Ossuary)
  2 orc zombies
  10 rats
  A rat zombie (Ossuary)
334 creatures vanquished.

Vanquished Creatures (collateral kills)
  A thrashing horror (Abyss:1)
  A flying skull (Volcano)
2 creatures vanquished.

Vanquished Creatures (others)
  An adder (D:9)
  3 fungi (Orc:2)
  A plant (D:11)
5 creatures vanquished.

Grand Total: 341 creatures vanquished

Notes
Turn   | Place    | Note
-------+----------+-------------------------------------------
     0 | D:1      | ImaNewbie the Merfolk Berserker began the quest for the Orb.
     0 | D:1      | Reached XP level 1. HP: 18/18 MP: 1/1
   132 | D:1      | Reached skill level 5 in Polearms
   344 | D:1      | Reached XP level 2. HP: 24/24 MP: 2/2
   997 | D:2      | Found a shattered altar of Ashenzari.
  1066 | D:2      | Noticed Jessica
  1078 | D:2      | Reached skill level 6 in Polearms
  1078 | D:2      | Reached XP level 3. HP: 29/29 MP: 3/3
  1160 | D:2      | Killed Jessica
  1160 | D:2      | Reached skill level 7 in Polearms
  1160 | D:2      | Reached XP level 4. HP: 35/35 MP: 4/4
  1222 | D:2      | Reached ** piety under Trog
  1493 | D:2      | Found a faded altar of an unknown god.
  1493 | D:2      | Found a faded altar of an unknown god.
  1503 | D:2      | Found a sparkling altar of Nemelex Xobeh.
  1507 | D:2      | Found a faded altar of an unknown god.
  1509 | D:2      | Found a faded altar of an unknown god.
  1804 | D:2      | Found a shadowy altar of Dithmenos.
  2650 | D:3      | Reached skill level 8 in Polearms
  2650 | D:3      | Reached XP level 5. HP: 35/41 MP: 5/5
  2908 | D:3      | Noticed a phantom
  2925 | D:3      | Killed a phantom
  2925 | D:3      | Reached skill level 9 in Polearms
  2925 | D:3      | Reached XP level 6. HP: 39/47 MP: 6/6
  3059 | D:3      | Reached *** piety under Trog
  3225 | D:3      | Found a bloodstained altar of Trog.
  3399 | D:3      | Reached skill level 10 in Polearms
  3605 | D:4      | Reached XP level 7. HP: 41/52 MP: 7/7
  3640 | D:4      | Reached skill level 11 in Polearms
  3905 | D:4      | Found a glowing golden altar of the Shining One.
  4311 | D:4      | Reached skill level 12 in Polearms
  4390 | D:4      | Found a staircase to the Ecumenical Temple.
  4504 | D:4      | Got a translucent leather armour
  4515 | D:4      | Identified the +0 leather armour of the Hidden Vale {+Fly rF- Str+8} (You found it on level 4 of the Dungeon)
  4552 | D:5      | Entered Level 5 of the Dungeon
  4552 | D:5      | Noticed Eustachio
  4972 | D:5      | Killed Eustachio
  4972 | D:5      | Reached skill level 13 in Polearms
  4972 | D:5      | Reached XP level 8. HP: 56/58 MP: 8/8
  5583 | D:6      | Reached **** piety under Trog
  5655 | D:6      | Found a snail-covered altar of Cheibriados.
  5737 | D:6      | Found a sand-covered staircase.
  5753 | Ossuary  | Entered an ossuary
  5773 | Ossuary  | Reached skill level 5 in Fighting
  6239 | D:6      | Noticed gitgud34's ghost (novice MiFi)
  6240 | D:6      | Found a radiant altar of Vehumet.
  6264 | D:6      | Killed gitgud34's ghost
  6264 | D:6      | Reached XP level 9. HP: 45/74 MP: 9/9
  6691 | D:6      | You fall through a shaft!
  7451 | D:7      | Reached skill level 10 in Fighting
  7677 | D:8      | Found Kiadushro's Distillery.
  7741 | D:8      | Reached ***** piety under Trog
  7786 | D:8      | Reached XP level 10. HP: 53/88 MP: 10/10
  7824 | D:8      | Found a white marble altar of Elyvilon.
  7824 | D:8      | Found an opulent altar of Gozag.
  7825 | D:8      | Found a blossoming altar of Fedhas.
  7997 | D:8      | Found Ethropn's Antique Armour Shoppe.
  8005 | D:8      | Bought a pair of faintly glowing gloves for 171 gold pieces
  8005 | D:8      | Bought a shiny helmet for 189 gold pieces
  8010 | D:8      | Identified the +0 pair of gloves "Omewnuq" {MP+9} (You bought it in a shop on level 8 of the Dungeon)
  8136 | D:8      | Reached skill level 1 in Evocations
  8260 | D:8      | Found Healete's Magic Scroll Shop.
  8534 | D:8      | Found Gusk's Jewellery Emporium.
  9059 | D:9      | Found a shimmering altar of Xom.
  9122 | D:9      | Reached skill level 5 in Evocations
  9150 | D:9      | Noticed Erolcha
  9150 | D:9      | Cast into level 1 of the Abyss (Erolcha)
  9182 | Abyss:1  | Noticed a red very ugly thing
  9195 | Abyss:1  | Noticed an apocalypse crab
  9198 | Abyss:1  | Noticed a smoke demon
  9203 | Abyss:1  | Killed a red very ugly thing
  9226 | Abyss:1  | Noticed a thrashing horror
  9234 | Abyss:1  | Paralysed by you for 3 turns
  9263 | Abyss:1  | Noticed a large abomination
  9307 | Abyss:1  | Noticed a smoke demon
  9381 | Abyss:1  | Noticed a green draconian shifter
  9447 | Abyss:1  | Noticed a worldbinder
  9457 | Abyss:1  | Noticed a green death
  9463 | Abyss:1  | Noticed a glowing orange brain
  9463 | Abyss:1  | Noticed a black mamba
  9470 | Abyss:1  | Noticed a black mamba
  9473 | Abyss:1  | Noticed a black mamba
  9511 | Abyss:1  | Noticed a hellion
  9515 | Abyss:1  | Noticed a thrashing horror
  9530 | Abyss:1  | Killed a thrashing horror
  9542 | Abyss:1  | Noticed an orange demon
  9581 | Abyss:1  | Reached XP level 11. HP: 39/95 MP: 17/17
  9583 | D:9      | Escaped the Abyss
  9598 | D:9      | Killed Erolcha
 10081 | D:9      | Noticed Psyche
 10094 | D:9      | Killed Psyche
 10305 | D:9      | Noticed Erica
 10330 | D:9      | Killed Erica
 10330 | D:9      | Reached skill level 10 in Evocations
 10484 | D:10     | Entered Level 10 of the Dungeon
 10552 | D:10     | Noticed a hill giant
 10815 | D:10     | Identified a scroll of acquirement
 10816 | D:10     | Got a bloodstained bardiche
 10950 | D:8      | Bought a scroll of remove curse for 30 gold pieces
 10974 | D:8      | Bought a warped scale mail for 162 gold pieces
 10997 | D:8      | Identified the +5 scale mail of the Locust {MP-9 Int+7} (You bought it in a shop on level 8 of the Dungeon)
 10997 | D:8      | Identified the +5 bardiche of Ixadd {drain, rC+} (You acquired it on level 10 of the Dungeon)
 11361 | D:10     | Reached skill level 5 in Dodging
 12338 | D:11     | Noticed Maurice
 12344 | D:11     | Killed Maurice
 12472 | D:11     | Found a staircase to the Orcish Mines.
 12588 | D:11     | Noticed an oklob plant
 12681 | D:11     | Noticed a five-headed hydra
 12696 | D:11     | Killed a five-headed hydra
 12696 | D:11     | Reached XP level 12. HP: 87/102 MP: 19/19
 12829 | D:11     | Reached skill level 14 in Polearms
 12846 | D:11     | Found a portal to a secret trove of treasure.
 12883 | D:11     | Found a sparkling altar of Nemelex Xobeh.
 13130 | D:11     | Found a staircase to the Lair.
 13197 | Orc:1    | Entered Level 1 of the Orcish Mines
 13202 | D:11     | Reached skill level 15 in Polearms
 13470 | Orc:1    | Found a dark tunnel.
 13479 | Volcano  | Entered a volcano
 13522 | Volcano  | Noticed Orcmeat's ghost (journeyman SpWz)
 13539 | Volcano  | Killed Orcmeat's ghost
 13580 | Volcano  | Reached skill level 16 in Polearms
 13581 | Volcano  | Reached skill level 18 in Polearms
 13581 | Volcano  | Reached XP level 13. HP: 107/108 MP: 20/20
 13590 | Volcano  | Reached skill level 19 in Polearms
 14456 | Orc:2    | Entered Level 2 of the Orcish Mines
 14492 | Orc:2    | Received a gift from Trog
 14494 | Orc:2    | Reached skill level 20 in Polearms
 14550 | Orc:2    | Slain by a chaos spawn

Skill      XL: |  1  2  3  4  5  6  7  8  9 10 11 12 13 |
---------------+----------------------------------------+-----
Polearms       | 5 6 7 8 9 10 13 18 20 | 20.1
Fighting       | 8 11 12 | 12.0
Evocations     | 8 10 | 10.2
Dodging        | 9 |  9.0
Armour         | |  1.3

Action                   |  1- 3 |  4- 6 |  7- 9 | 10-12 | 13-15 || total
-------------------------+-------+-------+-------+-------+-------++-------
Melee: Spear             |   106 |   241 |   537 |   666 |       ||  1550
       Bardiche          |       |       |       |   157 |   109 ||   266
Invok: Berserk           |     1 |     2 |     5 |     7 |     1 ||    16
       Trog's Hand       |       |       |     3 |    16 |     3 ||    22
       Brothers in Arms  |       |       |       |     2 |     1 ||     3
       Burn Spellbooks   |       |       |       |     1 |       ||     1
  Use: Scroll            |       |     9 |    13 |    15 |     1 ||    38
       Potion            |       |       |       |     5 |       ||     5
 Stab: Sleeping          |     3 |     8 |     3 |       |       ||    14
       Distracted        |       |     1 |       |       |       ||     1
  Eat: Chunk             |     2 |     9 |    15 |    28 |       ||    54
       Beef jerky        |       |       |     2 |     2 |       ||     4
       Meat ration       |       |       |       |     1 |     1 ||     2
Armor: Animal skin       |    16 |    21 |     6 |       |       ||    43
       Leather armour    |       |       |    14 |       |       ||    14
       Ring mail         |       |       |    20 |    82 |    16 ||   118
       Scale mail        |       |       |       |    67 |    14 ||    81
Dodge: Dodged            |    56 |    83 |   142 |   310 |    96 ||   687
Block: Other             |       |       |    23 |    26 |    16 ||    65
       Reflection        |       |       |     1 |     4 |     1 ||     6
